[Event "Gaprindashvili Cup Women I Stage 2020"]
[Site "Online"]
[Date "2020.11.04"]
[Round "4.6"]
[White "Kirtadze, Anastasia"]
[Black "Sichinava, Mariam"]
[Result "1-0"]
[ECO "B20"]
[WhiteElo "1810"]
[BlackElo "1516"]
[Annotator "NA RC"]
[PlyCount "87"]
[EventDate "2020.11.04"]
[EventType "swiss"]
[SourceTitle "playchess.com"]
[Source "ChessBase"]
[SourceQuality "1"]
[TimeControl "1500+5"]

1. e4 c5 2. Nf3 e6 3. g3 Nc6 4. Bg2 g6 5. O-O Bg7 6. c3 Nge7 7. d4 cxd4 8. Nxd4 Nxd4 {[%emt 0:02:33] B20: Sicilian: Unusual White 2nd moves.} 9. cxd4 d6 10. Nc3 {[%emt 0:00:10] [#]} Nc6 $146 ({Predecessor:} 10... O-O 11. Be3 Nc6 12. Rc1 b6 13. e5 Bb7 14. Nb5 d5 15. Nd6 Qd7 16. Qa4 Nxe5 17. Qxd7 Nxd7 18. Nxb7 {1-0 (63) Hirschmann,J (1839)-Herbrig,A (1704) playchess.com INT 2012}) 11. d5 exd5 12. exd5 Ne5 13. f4 (13. Qa4+ $11 Qd7 14. Qxd7+ Kxd7 15. Rd1) 13... Qb6+ 14. Kh1 Ng4 15. Qe2+ {[%emt 0:00:05] [#]} Kf8 $1 16. h3 {[%emt 0:00:05] [#]} ({White should play} 16. Re1 $15 Nf2+ 17. Kg1 Ng4+ 18. Kh1) 16... Nf6 $2 (16... h5 $1 $17 {stays on course.} 17. Be4 (17. Re1 Bf5 $15) 17... Nh6) 17. Be3 Qd8 18. Bd4 Bd7 19. g4 h5 20. g5 Ng8 21. Bxg7+ Kxg7 22. Ne4 Ne7 (22... Bf5 $16) 23. Nxd6 Nf5 24. Qe5+ f6 25. Nxf5+ (25. gxf6+ $18 {and the rest is easy.} Qxf6 26. Ne4 (26. Nxb7 Ng3+ 27. Kg1 Nxf1 $15) 26... Qxe5 27. fxe5) 25... Bxf5 26. Qd4 Qd6 27. Rfe1 Rhe8 28. Rac1 a6 (28... Qb6 $16 {was worth a try.} 29. Rxe8 Rxe8 30. gxf6+ Kf8) 29. gxf6+ Kh6 30. f7 Rf8 31. Be4 $2 (31. Qe5 $18 Qxe5 32. fxe5 Rxf7 33. h4) 31... Rxf7 $2 ({Black should play} 31... Qxf4 $11 32. Rcd1 Rxf7 33. Bxf5 Qxf5) 32. Bxf5 Rxf5 33. Re5 Rff8 $2 (33... Qf6 $16) 34. Rg1 Rae8 35. Rgg5 $2 (35. Qe4 Kh7 36. Rxe8 Rxe8 37. Qxe8 Qxd5+ 38. Rg2) 35... Qd7 36. Qd3 Rf6 $2 (36... Rg8 37. Rg2 Qf7) 37. Qc3 $11 (37. Qe3 $18 Rxe5 38. fxe5) 37... Rxe5 38. Rxe5 Qd6 39. Qe3 Kg7 40. Re7+ Rf7 41. Qd4+ Kf8 42. Re6 Rxf4 43. Qh8+ Kf7 44. Rxd6 1-0

[Event "Gaprindashvili Cup Women I Stage 2020"]
[Site "Online"]
[Date "2020.11.04"]
[Round "4.7"]
[White "Zarkua, Anastasia"]
[Black "Dolakidze, Mariam"]
[Result "1-0"]
[ECO "A39"]
[WhiteElo "1124"]
[BlackElo "1416"]
[Annotator "NA RC"]
[PlyCount "101"]
[EventDate "2020.11.04"]
[EventType "swiss"]
[SourceTitle "playchess.com"]
[Source "ChessBase"]
[SourceQuality "1"]
[TimeControl "1500+5"]

1. Nf3 c5 2. c4 Nc6 3. g3 Nf6 4. Bg2 g6 5. O-O Bg7 6. Nc3 O-O 7. d4 cxd4 8. Nxd4 Qc7 9. Nxc6 bxc6 10. Bf4 Qb6 11. Qc2 Nh5 12. Be3 Qb4 13. Qb3 a5 14. Rfb1 Ba6 15. Qc2 Qxc4 16. Re1 Rab8 17. Rac1 d6 18. Qd2 Bd4 19. Qxd4 Qxd4 20. Bxd4 e5 21. Be3 d5 22. Bh6 Rfc8 23. Na4 Rc7 24. Nc5 Bc8 25. b3 Nf6 26. Bd2 Ra8 27. Bf1 Nd7 28. Nxd7 Bxd7 29. Bg2 Rb7 30. Rc2 a4 31. b4 Rb6 32. a3 Bf5 33. e4 Be6 34. exd5 cxd5 35. Rxe5 Rd8 36. Re1 d4 37. Rec1 Bb3 38. Rc8 Rbd6 39. Rxd8+ Rxd8 40. Bh3 Kg7 41. b5 Rb8 42. Bf1 h5 43. Bf4 Re8 44. b6 Bd5 45. Bb5 Re6 46. Bd7 Rxb6 47. Bxa4 d3 48. Bd1 Rb2 49. Be5+ f6 50. Bxb2 d2 51. Rc2 1-0

[Event "Gaprindashvili Cup Women I Stage 2020"]
[Site "Online"]
[Date "2020.11.04"]
[Round "4.10"]
[White "Limar, Maria"]
[Black "Ashotia, Barbare"]
[Result "1/2-1/2"]
[ECO "C77"]
[WhiteElo "1229"]
[BlackElo "1076"]
[Annotator "NA RC"]
[PlyCount "164"]
[EventDate "2020.11.04"]
[EventType "swiss"]
[SourceTitle "playchess.com"]
[Source "ChessBase"]
[SourceQuality "1"]
[TimeControl "1500+5"]

1. e4 e5 2. Nf3 Nc6 3. Bb5 a6 4. Ba4 Nf6 5. d3 b5 6. Bb3 Bc5 7. Nc3 h6 8. Nd5 O-O 9. O-O d6 10. Be3 Nd4 11. Nxd4 exd4 12. Bd2 c6 13. Nxf6+ Qxf6 14. c3 dxc3 15. bxc3 Bb6 16. Rc1 Be6 17. Be3 Ba5 18. d4 Qg6 19. Qf3 Bxb3 20. axb3 Rfe8 21. b4 Bb6 22. Bf4 Re6 23. Rfe1 Rae8 24. e5 dxe5 25. Rxe5 Bc7 26. Rxe6 Qxe6 27. Be3 Qc4 28. Qf5 Qd5 29. Qxd5 cxd5 30. Re1 a5 31. bxa5 Bxa5 32. Bd2 Rc8 33. Rc1 Kf8 34. Kf1 Ke7 35. Ke2 Kf6 36. Kd3 Rb8 37. Ra1 Bc7 38. g3 g5 39. f3 Kg6 40. Ra6+ Rb6 41. Ra7 Bd6 42. Rd7 f5 43. Rd8 f4 44. g4 Kg7 45. Rd7+ Kf6 46. Rh7 Bf8 47. Ra7 b4 48. cxb4 Bxb4 49. Bxb4 Rxb4 50. Ra6+ Kg7 51. Rd6 Rb3+ 52. Ke2 Rb2+ 53. Kd3 Rb5 54. Kc3 Kh7 55. Kc2 Kg7 56. Kc3 Kh7 57. Rd7+ Kg6 58. Rd6+ Kg7 59. Rd7+ Kg6 60. Rd6+ Kh7 61. Rd8 Kg7 62. Rd7+ Kg6 63. Rd6+ Kh7 64. Rd7+ Kg8 65. Rd6 Kg7 66. h3 Kh7 67. Kd3 Rb3+ 68. Ke2 Rb2+ 69. Kd3 Rb3+ 70. Ke2 Rb2+ 71. Ke1 Rb5 72. Ke2 Rb2+ 73. Ke1 Rb1+ 74. Ke2 Rb5 75. Ke1 Kg7 76. Ke2 Kh7 77. Ke1 Rb1+ 78. Ke2 Rb2+ 79. Ke1 Rb5 80. Ke2 Kg7 81. Ke1 Kh7 82. Ke2 Rb2+ 1/2-1/2

[Event "Gaprindashvili Cup Women I Stage 2020"]
[Site "Online"]
[Date "2020.11.04"]
[Round "4.11"]
[White "Tsetskhladze, Mariam"]
[Black "Kalandadze, Mariam"]
[Result "1-0"]
[ECO "B51"]
[WhiteElo "1477"]
[BlackElo "1147"]
[Annotator "NA RC"]
[PlyCount "145"]
[EventDate "2020.11.04"]
[EventType "swiss"]
[SourceTitle "playchess.com"]
[Source "ChessBase"]
[SourceQuality "1"]
[TimeControl "1500+5"]

1. e4 c5 2. Nf3 d6 3. Bb5+ Nc6 4. O-O Bd7 5. Re1 a6 6. Bf1 Nf6 7. c3 Bg4 8. h3 Bxf3 9. Qxf3 e6 10. Na3 Be7 11. Nc2 O-O 12. d4 cxd4 13. cxd4 Qb6 14. Qd3 Rac8 15. Be3 d5 16. e5 Nd7 17. f4 Nb4 18. Nxb4 Bxb4 19. Rec1 Qa7 20. Rc2 Nb6 21. Rac1 Rc4 22. Qb3 Rxc2 23. Rxc2 Be7 24. Rc7 Bd8 25. Rc1 Be7 26. Bd3 h6 27. f5 Rc8 28. Rxc8+ Nxc8 29. fxe6 fxe6 30. Qc2 Qb8 31. Bh7+ Kh8 32. Qg6 Qc7 33. Bxh6 Bb4 34. Be3 Ne7 35. Qd3 Qc4 36. Qxc4 dxc4 37. Be4 b5 38. Bb7 Nd5 39. Bf2 a5 40. Bc6 Nc7 41. a3 Be7 42. Be3 a4 43. Kf1 Kh7 44. Ke2 Kg6 45. Kf3 Kf5 46. g4+ Kg6 47. Ke4 Kf7 48. d5 exd5+ 49. Bxd5+ Kg6 50. Bb6 Nxd5 51. Kxd5 Kg5 52. Ke6 Bf8 53. Kf7 Kf4 54. e6 Bd6 55. e7 Bxe7 56. Kxe7 Ke4 57. Kf7 Kd3 58. Kxg7 c3 59. bxc3 Kxc3 60. Bc5 Kb3 61. Bb4 Kc4 62. h4 Kd5 63. h5 Ke6 64. h6 Kd7 65. h7 Kc7 66. h8=Q Kb6 67. Qd8+ Kc6 68. Qd6+ Kb7 69. g5 Ka7 70. Bc5+ Ka8 71. Qd8+ Kb7 72. Qb6+ Kc8 73. Bd6 1-0

[Event "Gaprindashvili Cup Women I Stage 2020"]
[Site "Online"]
[Date "2020.11.04"]
[Round "5.1"]
[White "Esadze, Tamari"]
[Black "Khazhomia, Anuki"]
[Result "1-0"]
[ECO "B06"]
[WhiteElo "1889"]
[BlackElo "1880"]
[Annotator "NA RC"]
[PlyCount "109"]
[EventDate "2020.11.04"]
[EventType "swiss"]
[SourceTitle "playchess.com"]
[Source "ChessBase"]
[SourceQuality "1"]
[TimeControl "1500+5"]

1. e4 g6 2. d4 Bg7 3. Nc3 d6 4. Nf3 c6 5. a4 Qc7 6. Be3 {[%emt 0:00:09] B06: Modern Defence.} e5 7. Bc4 {[%emt 0:00:38] [#]} Bg4 $146 ({Predecessor:} 7... b6 8. O-O Nf6 9. dxe5 dxe5 10. h3 O-O 11. Qe2 Nh5 12. Rfe1 Re8 13. Ng5 Re7 {1-0 (47) Przybylski,W (2378)-Cieslar,M (2012) Katowice 2015}) 8. dxe5 dxe5 (8... Bxf3 $16 9. Qxf3 Bxe5) 9. O-O (9. h3 $18 Bxf3 10. Qxf3) 9... Qe7 10. h3 Be6 11. Bxe6 Qxe6 12. Qe2 Na6 13. Rad1 Nf6 14. Ng5 Qe7 15. f4 O-O 16. f5 h6 17. Nf3 Qb4 $2 {[%emt 0:01:24] [#]} (17... g5 $16) 18. fxg6 $1 (18. Nxe5 Nxe4 19. fxg6 Ng3 $16 {[%mdl 64] Double Attack}) 18... Nxe4 $2 (18... fxg6 {was necessary.} 19. Nxe5 Nxe4) 19. gxf7+ (19. Nxe4 $142 Qxe4 20. Rd7) 19... Rxf7 20. Nxe4 Qxe4 21. Nd2 Rxf1+ 22. Rxf1 Qd5 $2 (22... Qxa4 23. Qh5 Rf8 24. Rxf8+ (24. Bxh6 Rxf1+ 25. Nxf1 Bxh6 $16) 24... Kxf8 25. Qf5+ (25. Bxh6 Qd4+ 26. Kh2 Bxh6 $14) 25... Kg8) 23. Qh5 (23. Qg4 $142) 23... Qe6 24. Ne4 Rf8 25. Rd1 ({But not} 25. Bxa7 $6 Rxf1+ 26. Kxf1 Qc4+ 27. Qe2 Qxa4 $16) 25... Qf5 26. Qxf5 Rxf5 27. Nd6 ({But not} 27. Bxa7 Rf4) 27... Rf6 28. Nxb7 Rf7 (28... Nb4 {was worth a try.} 29. Rd8+ (29. Bxa7 Rf7 $11) 29... Kh7) 29. Nc5 Nb4 30. c4 Re7 31. Ne4 Nc2 32. Bc5 Rb7 33. b4 Nxb4 $2 (33... Nd4 {is tougher.} 34. b5 h5 35. Bxd4 exd4) 34. Rd8+ Kh7 35. Nd6 Bf6 36. Nxb7 Bxd8 37. Bxb4 Bb6+ 38. Bc5 Kg6 39. Bxb6 axb6 40. Kf2 $18 (40. c5 $142 bxc5 41. Nxc5 Kf6 42. a5 Ke7 43. a6 Kd6 44. a7 Kxc5 45. a8=Q) 40... Kf5 41. c5 b5 42. axb5 cxb5 43. Nd6+ Ke6 44. Nxb5 Kd5 45. Ke3 Kxc5 46. Nc3 Kd6 47. Ke4 Ke6 48. Nd5 Kd6 49. Ne3 Ke6 50. Ng4 h5 51. Nxe5 Kf6 52. Kf4 h4 53. Nf3 Kg6 54. Nxh4+ Kh5 55. Nf3 1-0

[Event "Gaprindashvili Cup Women I Stage 2020"]
[Site "Online"]
[Date "2020.11.04"]
[Round "5.2"]
[White "Abuladze, Natali"]
[Black "Tsotsonava, Elene"]
[Result "0-1"]
[ECO "D27"]
[WhiteElo "1049"]
[BlackElo "1805"]
[Annotator "NA RC"]
[PlyCount "116"]
[EventDate "2020.11.04"]
[EventType "swiss"]
[SourceTitle "playchess.com"]
[Source "ChessBase"]
[SourceQuality "1"]
[TimeControl "1500+5"]

1. d4 d5 2. c4 dxc4 3. Nf3 Nf6 4. e3 e6 5. Bxc4 c5 6. Nc3 a6 7. a4 Nc6 8. O-O Be7 9. dxc5 Qxd1 {[%emt 0:00:39] 9...Bxc5 deserves study.} 10. Rxd1 Bxc5 11. b3 {[%emt 0:00:20] D27: Queen's Gambit Accepted: Classical main line: 7 e4!? and 7 a4.} Na5 12. Nd2 {[%emt 0:04:14] [#]} Bd7 $146 ({Predecessor:} 12... Nxc4 13. Nxc4 Ke7 14. Rb1 a5 15. Nb5 Bd7 16. Ne5 Bxb5 17. axb5 Rhd8 18. Bb2 Rac8 {1-0 (48) Repina,V (2292)-Fastova,T (2044) Dagomys 2009}) 13. Ba3 Bxa3 14. Rxa3 Rc8 15. Ra2 (15. Na2 $11 {remains equal.}) 15... Nxb3 $1 16. Bxb3 Rxc3 17. Raa1 Ke7 18. Rac1 Rhc8 19. Rxc3 Rxc3 20. h3 b5 21. axb5 Bxb5 22. Rb1 Bd3 23. Rb2 Nd7 24. Ba4 Nc5 25. Bc6 Kd6 26. Be8 Ke7 $2 ({Black should play} 26... a5 $19 27. Ra2 Rc1+ 28. Kh2 Rc2 29. Rxc2 Bxc2 30. Nc4+ Ke7) 27. Bc6 a5 28. Ra2 Na6 29. Bb7 Nc5 $2 (29... Rc1+ $19 30. Kh2 Nc5) 30. Bc6 Rc2 31. Rxa5 Kd6 ({And not} 31... Rxd2 32. Rxc5 Kd6 33. Rc3 $11) 32. Nf3 Kxc6 33. Nd4+ (33. Ne5+ $142 Kb6 {[#]} 34. Rxc5 $1 {[%mdl 576] Remove Defender} Kxc5 35. Nxd3+ Kd6 36. Ne1) 33... Kb6 34. Nxc2 Bxc2 $2 (34... Kxa5 $19 35. Nd4 Kb6) 35. Ra2 Be4 36. Rb2+ Kc7 37. Rb5 Kc6 38. Rb2 Bd5 39. Rc2 Kd6 40. Kf1 Be4 41. Rd2+ Ke5 42. f4+ Kf6 43. g4 Bd3+ 44. Kf2 $19 (44. Kg2 $17) 44... Ne4+ 45. Ke1 Nxd2 46. Kxd2 Bf1 47. h4 h5 48. g5+ Kf5 49. Ke1 Bc4 50. Kf2 Kg4 51. Kg2 Kxh4 52. Kh2 Kg4 53. Kg2 h4 54. Kh2 h3 55. Kg1 Kg3 56. Kh1 Bd5+ 57. Kg1 h2+ 58. Kf1 h1=Q+ 0-1

[Event "Gaprindashvili Cup Women I Stage 2020"]
[Site "Online"]
[Date "2020.11.04"]
[Round "5.3"]
[White "Bedoshvili, Dea"]
[Black "Lagazauri, Tamar"]
[Result "1-0"]
[ECO "D05"]
[WhiteElo "1667"]
[BlackElo "1657"]
[Annotator "NA RC"]
[PlyCount "53"]
[EventDate "2020.11.04"]
[EventType "swiss"]
[SourceTitle "playchess.com"]
[Source "ChessBase"]
[SourceQuality "1"]
[TimeControl "1500+5"]

1. d4 d5 2. Nf3 Nf6 3. Nbd2 e6 4. e3 b6 5. Bd3 Bb7 6. O-O Bd6 7. Qe2 Ne4 8. Ne5 Bxe5 9. dxe5 O-O 10. c3 Nd7 11. f4 Ndc5 12. Bc2 Ba6 13. c4 Nxd2 14. Qxd2 dxc4 15. Qc3 Nd3 16. Rf3 f6 17. exf6 Qxf6 18. Qa3 Bb7 19. Rg3 Rfd8 20. Rb1 Ne1 21. Ba4 Rd3 22. Qb4 c3 23. bxc3 c5 24. Qb2 Rxc3 25. Bd2 Rd3 26. Qxf6 Nf3+ 27. gxf3 1-0

[Event "Gaprindashvili Cup Women I Stage 2020"]
[Site "Online"]
[Date "2020.11.04"]
[Round "5.4"]
[White "Asatiani, Tamar"]
[Black "Kirtadze, Anastasia"]
[Result "0-1"]
[ECO "B57"]
[WhiteElo "1004"]
[BlackElo "1810"]
[Annotator "NA RC"]
[PlyCount "166"]
[EventDate "2020.11.04"]
[EventType "swiss"]
[SourceTitle "playchess.com"]
[Source "ChessBase"]
[SourceQuality "1"]
[TimeControl "1500+5"]

1. e4 c5 2. Nf3 d6 3. d4 cxd4 4. Nxd4 Nf6 5. Nc3 Nc6 6. Bc4 Na5 7. Bb5+ {[%emt 0:00:22] B57: Classical Sicilian: Sozin with 6...Qb6.} Bd7 8. Bxd7+ Qxd7 9. O-O {[%emt 0:00:07] [#]} g6 $146 ({Predecessor:} 9... e6 10. Qd3 Be7 11. b3 O-O 12. Nce2 d5 13. exd5 Nxd5 14. c4 Nb4 15. Qc3 Nac6 16. Nxc6 Nxc6 {½-½ (64) Ciganikova,A (2115)-Grabics,M (2315) Nadole 1995}) 10. Be3 Nc4 11. Qc1 Nxe3 12. Qxe3 Bg7 13. Rad1 O-O 14. h3 Qc7 15. Rfe1 Rfe8 16. Ndb5 {[%emt 0:01:54] Discovered Attack} Qb8 17. Nd5 Nxd5 18. exd5 Bxb2 19. Qb3 (19. c3 $1 $15) 19... Bg7 20. Rd3 a6 21. Nc3 b5 22. Ne4 Qc7 23. Rf3 Qc4 (23... Rec8 $19 {has better winning chances.} 24. Qe3 Rf8) 24. Ng5 (24. Qxc4 $17 bxc4 25. g4) 24... Qxb3 25. axb3 (25. cxb3 $142 Bf6 26. Ne4) 25... Bf6 26. Ne4 Be5 27. Ng5 h5 $2 (27... f6 $19 28. Ne6 Rec8) 28. h4 $2 (28. Nxf7 $11 Bb2 29. Re6) 28... Bf6 29. g3 Bxg5 (29... Rec8 $19 30. Re2 a5) 30. hxg5 Rac8 31. Rc1 Rc5 32. Rd3 Rec8 33. c3 a5 34. f3 b4 35. c4 a4 36. bxa4 Rxc4 37. Re1 Rc3 38. Rde3 b3 39. Rxc3 Rxc3 40. Rb1 $2 (40. Kf2 Rc2+ 41. Ke3) 40... Kf8 41. a5 Rc5 (41... Rxf3 $19 42. Kg2 Rd3) 42. a6 Ra5 43. Rxb3 Rxa6 44. Rb8+ Kg7 45. Rb7 $1 Ra5 46. Rxe7 Rxd5 47. Rd7 $2 ({Only move:} 47. f4 $15) 47... Rxg5 48. Rxd6 Rxg3+ 49. Kf2 h4 50. Rd4 {[%emt 0:00:03] [#]} g5 $1 51. Rd5 f6 52. Rd7+ Kg6 53. Rd5 Rh3 54. Kg2 Rg3+ 55. Kf2 f5 56. Rd6+ Kf7 57. Rh6 Kg7 58. Rd6 $2 (58. Ra6) 58... g4 59. fxg4 fxg4 60. Rc6 Rf3+ 61. Kg2 Rf6 62. Rc4 Rg6 63. Rc5 Kh6 64. Kh2 Rg5 65. Rc6+ Kh5 66. Rc3 g3+ 67. Kg2 Rf5 68. Rc2 Kg4 69. Rc4+ Rf4 70. Rc2 h3+ 71. Kg1 h2+ 72. Kg2 {[%emt 0:00:05] [#]} Rf2+ {[%emt 0:00:35] Promotion} 73. Rxf2 gxf2 74. Kxh2 Kf3 75. Kh3 f1=Q+ 76. Kh4 Qg2 77. Kh5 Qg4+ 78. Kh6 Kf4 79. Kh7 Kf5 80. Kh8 Qg5 81. Kh7 Kf6 82. Kh8 Kf7 83. Kh7 Qg7# 0-1

[Event "Gaprindashvili Cup Women I Stage 2020"]
[Site "Online"]
[Date "2020.11.04"]
[Round "5.5"]
[White "Zarkua, Anastasia"]
[Black "Antia, Sopia"]
[Result "1/2-1/2"]
[ECO "E01"]
[WhiteElo "1124"]
[BlackElo "1594"]
[Annotator "NA RC"]
[PlyCount "95"]
[EventDate "2020.11.04"]
[EventType "swiss"]
[SourceTitle "playchess.com"]
[Source "ChessBase"]
[SourceQuality "1"]
[TimeControl "1500+5"]

1. Nf3 d5 2. d4 Nf6 3. c4 e6 4. g3 c6 5. Qc2 Bd6 6. Bg2 Nbd7 7. O-O e5 8. dxe5 Nxe5 9. Nxe5 Bxe5 10. cxd5 cxd5 11. Rd1 O-O 12. Be3 Be6 13. Qd2 Ne4 14. Qb4 Qf6 15. Bd4 a5 16. Qb6 Bxd4 17. Qxd4 Qxd4 18. Rxd4 Rac8 19. Nd2 Nf6 20. Rd1 Rc2 21. Rb1 Rfc8 22. b4 a4 23. a3 Ra2 24. e4 dxe4 25. Nxe4 Nxe4 26. Bxe4 g6 27. Bxb7 Rb8 28. Bd5 Bxd5 29. Rxd5 Rxa3 30. Ra5 Rb3 31. Ra1 R3xb4 32. R5xa4 Rb2 33. Ra7 Re8 34. Ra8 Rxa8 35. Rxa8+ Kg7 36. Ra6 g5 37. h3 h5 38. Kg2 g4 39. h4 f6 40. Ra4 Kg6 41. Rf4 Rd2 42. Kg1 Rd1+ 43. Kg2 Rd2 44. Kg1 Rd1+ 45. Kg2 Rd2 46. Kg1 Rd1+ 47. Kg2 Rd2 48. Kf1 1/2-1/2

[Event "Gaprindashvili Cup Women I Stage 2020"]
[Site "Online"]
[Date "2020.11.04"]
[Round "5.7"]
[White "Mgeladze, Kesaria"]
[Black "Gvatua, Mariam"]
[Result "1-0"]
[ECO "B22"]
[WhiteElo "1380"]
[BlackElo "1343"]
[Annotator "NA RC"]
[PlyCount "79"]
[EventDate "2020.11.04"]
[EventType "swiss"]
[SourceTitle "playchess.com"]
[Source "ChessBase"]
[SourceQuality "1"]
[TimeControl "1500+5"]

1. e4 c5 2. c3 Nf6 3. e5 Nd5 4. g3 Nc6 5. Nf3 Qc7 6. Qe2 e6 7. Bg2 d6 8. exd6 Bxd6 9. O-O O-O 10. Na3 a6 11. Nc4 b5 12. Nxd6 Qxd6 13. Rd1 Bb7 14. d4 c4 15. a4 Na5 16. Ne5 Nb3 17. Ra2 f6 18. Nf3 Bc6 19. a5 Rfe8 20. Nd2 Nxc1 21. Rxc1 e5 22. dxe5 Rxe5 23. Qf1 Rae8 24. Nf3 Rh5 25. Re1 Rxe1 26. Qxe1 b4 27. h3 bxc3 28. bxc3 Qe7 29. Re2 Qc5 30. Re8+ Kf7 31. Qe6+ Kg6 32. Ne5+ Rxe5 33. Qg4+ Kf7 34. Rxe5 fxe5 35. Qh5+ Kg8 36. Qxe5 Qe7 37. Bxd5+ Bxd5 38. Qxe7 Bf7 39. Qd8+ Be8 40. Qxe8# 1-0

[Event "Gaprindashvili Cup Women I Stage 2020"]
[Site "Online"]
[Date "2020.11.04"]
[Round "5.8"]
[White "Didbaridze, Meri"]
[Black "Sichinava, Mariam"]
[Result "1-0"]
[ECO "D02"]
[WhiteElo "1264"]
[BlackElo "1516"]
[Annotator "NA RC"]
[PlyCount "135"]
[EventDate "2020.11.04"]
[EventType "swiss"]
[SourceTitle "playchess.com"]
[Source "ChessBase"]
[SourceQuality "1"]
[TimeControl "1500+5"]

1. d4 Nf6 2. Bf4 d5 3. e3 c5 4. c3 e6 5. Nf3 Be7 6. h3 Nc6 7. Nbd2 O-O 8. Bd3 b6 9. O-O Bb7 10. Ne5 Nxe5 11. Bxe5 Bd6 12. Nf3 Qc7 13. Bxd6 Qxd6 14. Ne5 Rac8 15. Re1 Rfd8 16. Qf3 Qe7 17. Rad1 Nd7 18. Nxd7 Rxd7 19. Qh5 h6 20. Rc1 Rdc7 21. f4 Qf6 22. Rf1 Qe7 23. Rce1 f5 24. Qg6 Bc6 25. Qg3 Qf6 26. a3 a5 27. Rc1 Be8 28. Qf2 b5 29. Qd2 c4 30. Be2 h5 31. Bf3 g5 32. g3 Rg7 33. Kh2 gxf4 34. exf4 h4 35. Rg1 Rcc7 36. Qf2 Qh6 37. Be2 Rcf7 38. gxh4 Kh8 39. Rxg7 Rxg7 40. Rg1 Rh7 41. Re1 Qf6 42. Bd1 Rxh4 43. Bf3 Qh6 44. Bg2 Rxf4 45. Qe3 Bf7 46. Qe5+ Kg8 47. Qb8+ Kh7 48. Qb7 Qg6 49. Qe7 Rf2 50. Qh4+ Kg7 51. Qxf2 Qh5 52. Rg1 Kh7 53. Bf3 Qh6 54. Qe2 Qf4+ 55. Kh1 Qh4 56. Qg2 Qh6 57. Be2 Bg6 58. Bf1 Bf7 59. Qg5 Qxg5 60. Rxg5 Kh6 61. Rg2 Bh5 62. Kh2 f4 63. Rf2 Kg5 64. Be2 Bg6 65. Bg4 Be4 66. Bxe6 f3 67. Kg3 a4 68. Bd7 1-0

[Event "Gaprindashvili Cup Women I Stage 2020"]
[Site "Online"]
[Date "2020.11.04"]
[Round "5.9"]
[White "Ashotia, Barbare"]
[Black "Tsetskhladze, Mariam"]
[Result "1-0"]
[ECO "C41"]
[WhiteElo "1076"]
[BlackElo "1477"]
[Annotator "NA RC"]
[PlyCount "63"]
[EventDate "2020.11.04"]
[EventType "swiss"]
[SourceTitle "playchess.com"]
[Source "ChessBase"]
[SourceQuality "1"]
[TimeControl "1500+5"]

1. e4 e5 2. Nf3 d6 3. d4 exd4 4. Nxd4 Nf6 5. Nc3 Be7 6. Bc4 a6 7. a4 Nxe4 8. Bxf7+ Kxf7 9. Nxe4 Rf8 10. O-O Kg8 11. b3 Bf5 12. Nxf5 Rxf5 13. Bb2 Nc6 14. Qg4 Rf7 15. Rad1 Qf8 16. f4 Rd8 17. f5 Ne5 18. Bxe5 dxe5 19. Rxd8 Bxd8 20. h3 Bf6 21. Qg3 Qe7 22. Re1 Kh8 23. Qd3 Qd7 24. Rd1 Qxf5 25. Qd5 Bh4 26. Qxb7 h6 27. Qd5 Rf8 28. Qc4 Qg6 29. Rf1 Rxf1+ 30. Kxf1 Qf5+ 31. Kg1 Qf4 32. Qd3 1-0

[Event "Gaprindashvili Cup Women I Stage 2020"]
[Site "Online"]
[Date "2020.11.04"]
[Round "5.10"]
[White "Dolakidze, Mariam"]
[Black "Limar, Maria"]
[Result "1-0"]
[ECO "D02"]
[WhiteElo "1416"]
[BlackElo "1229"]
[Annotator "NA RC"]
[PlyCount "87"]
[EventDate "2020.11.04"]
[EventType "swiss"]
[SourceTitle "playchess.com"]
[Source "ChessBase"]
[SourceQuality "1"]
[TimeControl "1500+5"]

1. Nf3 d5 2. d4 Bf5 3. g3 Nf6 4. Bg2 e6 5. c4 Be7 6. Nc3 h6 7. O-O O-O 8. Qb3 b6 9. Nh4 c6 10. Nxf5 exf5 11. cxd5 Qd7 12. dxc6 Nxc6 13. d5 Na5 14. Qd1 Rad8 15. Bf4 Bb4 16. Rc1 Rc8 17. Be5 Ng4 18. Bd4 Be7 19. h3 Nf6 20. Qd3 Nc4 21. b3 Nd6 22. e3 Nb7 23. Rfd1 Rfd8 24. Kh2 Nd6 25. Be5 Rc5 26. Rc2 Nfe8 27. Rdc1 Bf6 28. Bxf6 Nxf6 29. Ne2 Rxc2 30. Rxc2 Nfe4 31. Nc3 Nxc3 32. Rxc3 Rc8 33. Qc2 Rxc3 34. Qxc3 Nb7 35. Qc6 Nc5 36. d6 Kf8 37. Qa8+ Qe8 38. Qxa7 Nd7 39. Bc6 Qc8 40. Qxd7 Qxd7 41. Bxd7 f6 42. Bxf5 Ke8 43. d7+ Kd8 44. Kg2 1-0

[Event "Gaprindashvili Cup Women I Stage 2020"]
[Site "Online"]
[Date "2020.11.04"]
[Round "6.1"]
[White "Bedoshvili, Dea"]
[Black "Esadze, Tamari"]
[Result "1/2-1/2"]
[ECO "D02"]
[WhiteElo "1667"]
[BlackElo "1889"]
[Annotator "NA RC"]
[PlyCount "54"]
[EventDate "2020.11.04"]
[EventType "swiss"]
[SourceTitle "playchess.com"]
[Source "ChessBase"]
[SourceQuality "1"]
[TimeControl "1500+5"]

1. d4 d5 2. Nf3 Nf6 3. Nbd2 e6 4. g3 c5 5. c3 Nc6 6. Bg2 {[%emt 0:00:06] D02: 1 d4 d5 2 Nf3 sidelines, including 2...Nf6 3 g3 and 2...Nf6 3 Bf4.} cxd4 7. cxd4 Bd6 8. O-O O-O {[%emt 0:00:02] [#]} 9. Nb1 $146 ({Predecessor:} 9. b3 Qb6 10. Bb2 Bd7 11. Re1 Rac8 12. e4 dxe4 13. Nxe4 Nxe4 14. Rxe4 Ne7 15. Ne5 Bxe5 16. Rxe5 Bc6 17. Bxc6 Qxc6 {0-1 (43) Munasinghe,L (1940)-Lakshitha,H (1707) Kurunegala 2019}) 9... Ne4 10. Bf4 f6 11. Bxd6 Qxd6 12. Nbd2 Bd7 13. Nb3 a5 14. a4 Nb4 15. Nfd2 Nxd2 16. Qxd2 b6 17. Rfc1 Rac8 18. Rc3 e5 19. e3 e4 20. Bf1 f5 21. Nc1 h6 22. Ne2 Nd3 23. Nc1 Nxc1 24. Qxc1 Qb4 25. Qc2 Kh7 26. Bb5 Rxc3 $11 27. bxc3 Qd6 1/2-1/2

[Event "Gaprindashvili Cup Women I Stage 2020"]
[Site "Online"]
[Date "2020.11.04"]
[Round "6.2"]
[White "Tsotsonava, Elene"]
[Black "Kirtadze, Anastasia"]
[Result "0-1"]
[ECO "C10"]
[WhiteElo "1805"]
[BlackElo "1810"]
[Annotator "NA RC"]
[PlyCount "46"]
[EventDate "2020.11.04"]
[EventType "swiss"]
[SourceTitle "playchess.com"]
[Source "ChessBase"]
[SourceQuality "1"]
[TimeControl "1500+5"]

1. e4 e6 2. d4 d5 3. Nd2 dxe4 4. Nxe4 Nd7 5. Nf3 Ngf6 6. Nxf6+ Nxf6 7. Bg5 Be7 8. Bd3 O-O 9. Qe2 c5 10. O-O-O cxd4 11. h4 Qa5 12. Kb1 Bd7 {[%emt 0:00:27] C10: French with 3 Nc3: Unusual Black 3rd moves and 3...dxe4.} 13. Nxd4 {[%emt 0:00:13] [#]} Rad8 $146 ({Predecessor:} 13... Rfd8 14. Nf3 Bc6 15. Ne5 h6 16. Bd2 Bb4 17. Nc4 Qc5 18. Bc1 Qe7 19. Rhg1 Nd7 20. g4 Qxh4 21. g5 Nf8 22. gxh6 g6 23. Bg5 Qh2 24. Ne5 Rd5 25. Ng4 {1-0 (25) Sjugirov,S (2627)-Kristinsson,B (2033) Rogaska Slatina 2011}) 14. Rhe1 b5 (14... Bc6 $14 15. Nxc6 bxc6) 15. Qf3 (15. h5 $16) 15... b4 16. Nf5 (16. g4 $14 {keeps the upper hand.}) 16... exf5 17. Rxe7 Qb6 $2 (17... Be6 $17 18. Rxe6 fxe6) 18. Rxd7 $2 (18. Re5 $16 {keeps the pressure on.}) 18... Rxd7 19. Qxf5 Rd5 20. Qf3 {[%emt 0:00:19] [#]} Rfd8 $1 21. Bxf6 Qxf6 22. Bxh7+ $2 (22. Qxf6 $17 gxf6 23. b3) 22... Kxh7 23. Qe4+ Qg6 $19 0-1